 Dungeon Crawl Stone Soup version 0.30-a0-170-g85af917532 (console) character file.

Game seed: 13001643694338508965

2785 capslocke the Covert (level 9, -4/43 HPs)
             Began as a Spriggan Enchanter on Oct 1, 2022.
             Was an Initiate of Gozag.
             Slain by a yak (9 damage)
             ... on level 8 of the Dungeon.
             The game lasted 00:28:46 (9206 turns).

capslocke the Covert (Spriggan Enchanter)           Turns: 9206, Time: 00:28:49

Health: -4/43      AC:  6    Str:  4    XL:     9   Next: 43%
Magic:  16/18      EV: 21    Int: 16    God:    Gozag
Gold:   589        SH:  0    Dex: 20    Spells: 14/19 levels left

rFire   . . .      SeeInvis +    h - +2 dagger (venom)
rCold   . . .      Faith    .    (no shield)
rNeg    . . .      Spirit   .    b - +0 robe
rPois   .          Reflect  .    (helmet restricted)
rElec   .          Harm     .    (no cloak)
rCorr   .          Rampage  .    (gloves unavailable)
Will    ++...                    (boots unavailable)
Stlth   +++++.....               (no amulet)
HPRegen 0.14/turn                A - +4 ring of protection
MPRegen 0.16/turn                H - ring of willpower

@: gold aura, very quick
A: very small, no large weapons, unfitting armour, see invisible, speed 3
a: Renounce Religion, Potion Petition, Call Merchant, Bribe Branch


You were on level 8 of the Dungeon.
You worshipped Gozag.
Gozag was pleased with you.
You visited 2 branches of the dungeon, and saw 9 of its levels.
You also visited: Sewer.

You collected 723 gold pieces.
You paid 134 gold pieces to Gozag.

Inventory:

Hand Weapons
 a - a +1 dagger
 h - a +2 dagger of venom (weapon)
Missiles
 w - 30 poisoned darts (quivered)
 y - 3 curare-tipped darts
 J - 3 throwing nets
Armour
 b - a +0 robe (worn)
Jewellery
 A - a +4 ring of protection (left hand)
 H - a ring of willpower (right hand)
Wands
 E - a wand of flame (10)
Scrolls
 e - a scroll of blinking {unknown}
 g - 2 scrolls of noise {unknown}
 j - 8 scrolls of identify {unknown}
 l - 2 scrolls of summoning {unknown}
 m - a scroll of acquirement {unknown}
 q - 3 scrolls of teleportation {unknown}
 t - a scroll of enchant armour {unknown}
 v - 3 scrolls of immolation {unknown}
 x - 2 scrolls of fear {unknown}
 B - a scroll of torment {unknown}
 C - 3 scrolls of enchant weapon {unknown}
 D - a scroll of amnesia {unknown}
 G - a scroll of vulnerability {unknown}
 I - 2 scrolls of poison {unknown}
Potions
 c - a potion of invisibility
 d - 2 potions of degeneration {unknown}
 f - 2 potions of heal wounds
 i - 4 potions of haste {unknown}
 k - 2 potions of brilliance {unknown}
 n - a potion of magic {unknown}
 o - 2 potions of mutation {unknown}
 p - 2 potions of flight {unknown}
 r - 5 potions of attraction {unknown}
 s - 4 potions of curing
 u - 2 potions of might {unknown}
 z - 2 potions of lignification {unknown}
 F - a potion of cancellation {unknown}


   Skills:
 + Level 2.5 Fighting
 + Level 6.5 Short Blades
 - Level 1.0 Throwing
 + Level 6.1 Dodging
 + Level 12.4 Stealth
 + Level 5.6 Spellcasting
 + Level 5.7 Hexes
 + Level 0.4 Summonings
 + Level 2.5 Ice Magic
 + Level 0.9 Evocations


You had 14 spell levels left.
You knew the following spells:

 Your Spells              Type           Power      Damage    Failure   Level
a - Ensorcelled Hibernat  Hex/Ice        34%        N/A       4%          2
b - Summon Guardian Gole  Hex/Summ       14%        N/A       12%         3

Your spell library contained the following spells:

 Spells                   Type           Power      Damage    Failure   Level
 Confusing Touch          Hex            22%        N/A       4%          3
 Tukima's Dance           Hex            22%        N/A       4%          3
 Summon Small Mammal      Summ           20%        N/A       12%         1
 Dazzling Flash           Conj/Hex       26%        N/A       13%         3
 Inner Flame              Hex/Fire       13%        N/A       13%         3
 Portal Projectile        Hex/Tloc       26%        N/A       13%         3
 Kiss of Death            Conj/Necr      16%        2d6       14%         1
 Cause Fear               Hex            11%        N/A       14%         4
 Call Canine Familiar     Summ           5%         N/A       36%         3
 Spider Form              Tmut/Pois      4%         N/A       41%         3
 Anguish                  Hex/Necr       6%         N/A       41%         4
 Leda's Liquefaction      Hex/Erth       6%         N/A       41%         4
 Dispel Undead            Necr           4%         3d7       82%         4
 Fireball                 Conj/Fire      2%         3d4       99%         5
 Iskenderun's Battlesphe  Conj           4%         2d6       99%         5
 Conjure Ball Lightning   Conj/Air       2%         3x3d6     100%        6
 Orb of Destruction       Conj           2%         9d5       100%        7
 Spellforged Servitor     Conj/Summ      2%         N/A       100%        7
 Discord                  Hex            11%        N/A       100%        8


Dungeon Overview and Level Annotations

Branches:
Dungeon (8/15)             Temple (1/1) D:4           Sewer (visited)
   Lair: D:8-11

Altars:
Cheibriados
Dithmenos
Elyvilon
Fedhas
Gozag
Hepliaklqana
Kikubaaqudgha
Makhleb
Nemelex Xobeh
Okawaru
Ru
Sif Muna
Trog
Vehumet
Wu Jian
Xom
Yredelemnul
Zin
The Shining One


Innate Abilities, Weirdness & Mutations

You are very small and have problems with some larger weapons.
You are too small for most types of armour.
You have supernaturally acute eyesight. (SInv)
You cover ground extremely quickly. (Speed+++)


Message History

A yak comes into view.
Found a stone staircase leading up.
Casting: Ensorcelled Hibernation (safe; 4% risk of failure)
Confirm with . or Enter, or press ? or * to list all spells.
A guardian golem appears, shielding your allies.
A yak comes into view.
The yak bellows! x3
A yak comes into view.
You hit the yak but do no damage.
The yak is poisoned.
You hit the yak.
The yak is lightly wounded.
The yak barely misses you.
You hit the yak.
The yak looks as sick as possible!
The yak is lightly wounded.
The yak gores your guardian golem! The yak misses you.
You hit the yak but do no damage.
The yak is poisoned.
You barely miss the yak. The yak gores your guardian golem!
The yak gores your guardian golem.
The yak gores your guardian golem but does no damage.
Your guardian golem overheats!
You closely miss the yak.
The yak is lightly wounded.
The yak completely misses you. The yak gores your guardian golem.
Your guardian golem disappears in a puff of smoke!
Your guardian golem explodes!
The fiery explosion engulfs the yak!!
The fiery explosion engulfs you!!!
Ouch! That really hurt!
* * * LOW HITPOINT WARNING * * *
The fiery explosion engulfs the yak!! x2
The yak is engulfed in blazing flames.
The yak dies!
You hear a shout! x2
Okay, then.
You feel much better.
You are engulfed in blazing flames.
* * * LOW HITPOINT WARNING * * *
The yak is engulfed in blazing flames. x2
The yak dies!
The yak is engulfed in blazing flames.
The yak gores you!
You die...
Your body crumbles into a pile of gold.

##### #### #....##
###..### .......##
##......## ........#
#..).)...# ........#
#........# ........#
#.......## .....§§Y#
#......## ......Y@##
#.....##
......§§.###..<.##
..........##..######
......#..............
..#####...#######....
# #..## .. #... .....
......


You could see 2 yaks.

Vanquished Creatures
  Sigmund (D:5)
  Edmund (D:5)
  A sky beast (D:7)
  2 ice beasts
  An ogre (D:5)
  3 centaurs
  A phantom (D:7)
  8 kobold brigands (Sewer)
  4 necrophages (D:6)
  2 scorpions
  A water moccasin zombie (D:6)
  A wight (D:6)
  3 hounds
  A human zombie (D:6)
  A jelly (D:6)
  A bullfrog zombie (D:6)
  An iguana (D:6)
  2 gnoll boudas
  An orc wizard (D:6)
  A killer bee zombie (D:6)
  A howler monkey zombie (D:6)
  2 mummies (D:6)
  11 gnolls
  14 adders
  3 ufetubi
  4 worms
  A dart slug (D:2)
  9 orcs
  10 endoplasms
  4 giant cockroaches (D:1)
  6 goblins
  4 hobgoblins
  6 jackals
  A quokka (D:1)
  8 ball pythons
  6 bats
  5 kobolds
  4 rats
136 creatures vanquished.

Vanquished Creatures (others)
  2 yaks (D:8)
  A fungus (D:1)
  2 toadstools (D:1)
5 creatures vanquished.

Grand Total: 141 creatures vanquished

Notes
Turn   | Place    | Note
-------+----------+-------------------------------------------
     0 | D:1      | capslocke the Spriggan Enchanter began the quest for the
                  | Orb.
     0 | D:1      | Reached XP level 1. HP: 9/9 MP: 5/5
   310 | D:1      | Reached XP level 2. HP: 13/13 MP: 6/6
   564 | D:1      | Reached skill level 5 in Stealth
   594 | D:1      | Learned a level 2 spell: Ensorcelled Hibernation
  1072 | D:2      | Found a faded altar of an unknown god.
  1122 | D:2      | Reached XP level 3. HP: 16/16 MP: 8/8
  1633 | D:2      | Reached skill level 6 in Stealth
  1636 | D:2      | Reached XP level 4. HP: 21/21 MP: 9/9
  1953 | D:3      | Found a faded altar of an unknown god.
  1957 | D:3      | Found a white marble altar of Elyvilon.
  2791 | D:3      | Found a glowing drain.
  2801 | Sewer    | Entered a sewer
  3011 | Sewer    | Reached skill level 7 in Stealth
  3405 | Sewer    | Noticed a kobold brigand
  3421 | Sewer    | Killed a kobold brigand
  3422 | Sewer    | Reached XP level 5. HP: 9/25 MP: 7/10
  3681 | Sewer    | Reached skill level 8 in Stealth
  3860 | Sewer    | Reached XP level 6. HP: 29/29 MP: 4/12
  4028 | Sewer    | Reached skill level 1 in Fighting
  4106 | Sewer    | Reached skill level 1 in Ice Magic
  4106 | Sewer    | Reached XP level 7. HP: 33/33 MP: 13/13
  4126 | Sewer    | Reached skill level 9 in Stealth
  4811 | D:4      | Found a staircase to the Ecumenical Temple.
  4824 | Temple   | Entered the Ecumenical Temple
  5641 | D:5      | Entered Level 5 of the Dungeon
  6169 | D:5      | Reached skill level 10 in Stealth
  6169 | D:5      | Reached XP level 8. HP: 37/37 MP: 15/15
  6233 | D:5      | Noticed Edmund
  6240 | D:5      | Killed Edmund
  6241 | D:5      | Reached skill level 5 in Dodging
  6241 | D:5      | Reached skill level 5 in Hexes
  6442 | D:5      | Noticed Sigmund
  6447 | D:5      | Killed Sigmund
  6717 | D:6      | Found an opulent altar of Gozag.
  6759 | D:6      | Became a worshipper of Gozag Ym Sagoz the Greedy
  6782 | D:6      | Learned a level 3 spell: Summon Guardian Golem
  6854 | D:6      | Found an ornate altar of the Wu Jian Council.
  6886 | D:6      | Reached skill level 11 in Stealth
  7166 | D:6      | Reached skill level 5 in Short Blades
  7173 | D:6      | Reached skill level 5 in Spellcasting
  7492 | D:6      | Found an ancient bone altar of Kikubaaqudgha.
  7526 | D:6      | Reached XP level 9. HP: 42/42 MP: 17/17
  7625 | D:6      | Found a glowing golden altar of the Shining One.
  7966 | D:7      | Identified the +0 robe "Sosa" {rPois rF- rC+ Str+2}
  8741 | D:7      | Reached skill level 1 in Throwing
  8861 | D:7      | Reached skill level 12 in Stealth
  9205 | D:8      | HP: 2/43 [themself (41)]
  9206 | D:8      | Slain by a yak

Illustrated notes

Levels and vault maps discovered:
D:1:      onia_arrival_mini_maze_b, layout_loops_cross, minmay_gold_behind_fungi
D:2:      layout_basic, shapermc_ecumenical_altar_starsandcircs,
          kennysheep_another_room
D:3:      mumra_celtic_spiral_tile, layout_basic,
          nicolae_overflow_ecumenical_swirl, cheibrodos_sewer_entry_bend
D:4:      layout_gridville, minmay_temple_entry_stoned_glass
D:5:      layout_basic, uniq_sigmund, uniq_edmund
D:6:      layout_basic, tso_altar, grunt_gozag_breadcrumbs,
          lemuel_mausoleum_altar_kikubaaqudgha,
          mainiacjoe_overflow_cross_hatched, lemuel_flamethrower_1
D:7:      layout_basic, serial_corexii_hall, corexii_hall_statues_i,
          corexii_hall_statues_s, corexii_hall_statues_l,
          corexii_hall_statues_l, dk_vineyard_2
D:8:      layout_cave_pods, nicolae_qazlal_scattered_showers
Temple:   nicolae_temple_two_arcs

Skill      XL: |  1  2  3  4  5  6  7  8  9 |
---------------+----------------------------+-----
Spellcasting   | 3 4 5 |  5.6
Stealth        | 5 6 7 8 10 11 12 | 12.4
Dodging        | 3 4 5 6 |  6.1
Hexes          | 4 5 |  5.7
Short Blades   | 2 3 4 5 6 |  6.5
Fighting       | 1 2 |  2.5
Ice Magic      | 1 2 |  2.5
Throwing       | 1 |  1.0
Summonings     | |  0.4
Evocations     | |  0.9

Action                   |  1- 3 |  4- 6 |  7- 9 || total
-------------------------+-------+-------+-------++-------
Melee: Dagger            |   102 |   102 |   256 ||   460
       Punch             |     1 |       |     6 ||     7
Throw: Dart              |       |       |    18 ||    18
 Cast: Ensorcelled Hiber |     1 |     9 |    24 ||    34
       Summon Guardian G |       |       |     5 ||     5
Evoke: Wand              |       |       |     6 ||     6
  Use: Potion            |     1 |     1 |     1 ||     3
 Stab: Sleeping          |    12 |    14 |    31 ||    57
       Distracted        |       |       |     3 ||     3
Armor: Robe              |    14 |    10 |    18 ||    42
Dodge: Dodged            |    96 |    71 |   161 ||   328

Table legend: (Time is in decaauts)
 A = Elapsed time spent in this place.
 B = Non-inter-level travel time spent in this place.
 C = Inter-level travel time spent in this place.
 D = Time resting spent in this place.
 E = Time spent auto-exploring this place.
 F = Levels seen in this place.
 G = Mean time per level.
                   A        B        C        D        E       F      G
               +--------+--------+--------+--------+--------+-----+--------+
         Total |   7071 |   6875 |    196 |   2248 |   3410 |  10 |  707.1 |
       Dungeon |   5366 |   5185 |    181 |   1540 |   2725 |   8 |  670.8 |
        Temple |     83 |     68 |     15 |      0 |     63 |   1 |   83.0 |
         Sewer |   1621 |   1621 |      0 |    708 |    621 |   1 | 1621.0 |
               +--------+--------+--------+--------+--------+-----+--------+

Top non-repeatable levels by time:
   Sewer: 1621 daAuts
     D:6: 1044 daAuts
     D:7: 866 daAuts
     D:2: 839 daAuts
     D:1: 704 daAuts
     D:3: 676 daAuts
     D:5: 655 daAuts
     D:4: 503 daAuts
  Temple: 83 daAuts
     D:8: 77 daAuts
